Yasdorian, lawful female orcish Barbarian --------- |.......| |.......| |...o...| |..@@A..| | |.......| | |. ----.---- .| |.....[%......| ---.....[...--- -----%----- --...%...- -..%.%.... ------- |...%%..... |...... --...%.....--...- --...[...--....| ----[----...--- ..........%.| ------------- Yasdorian the Raider Experience level: 17 Strength: 18/46 Dexterity: 22 Constitution: 18 Intelligence: 8 Wisdom: 8 Charisma: 6 Health: 193(319) Energy: 29(29) Def: 31 Gold: 0 Moves: 55712 Dungeon seed: 0auraxByevHOv3SR Game ID: Yasdorian_1465853722 Your Inventory: Amulets j - a blessed amulet of reflection (being worn) J - a blessed amulet of life saving Weapons a - the blessed rustproof +7 Cleaver (weapon in hands) R - the greased +3 Magicbane Armor q - a cursed -3 helm of opposite alignment (being worn) A - an uncursed +4 gray dragon scale mail (being worn) B - a blessed +4 pair of speed boots (being worn) C - a blessed greased fireproof +2 cloak of protection (being worn) G - a blessed fireproof +5 pair of gauntlets of dexterity (being worn) H - a blessed rusty +4 dwarvish iron helm T - an uncursed +4 T-shirt (being worn) Comestibles V - an uncursed lizard corpse X - 4 uncursed K-rations Spellbooks U - the uncursed Book of the Dead Potions W - 4 blessed diluted potions of full healing Rings n - an uncursed ring of free action (on left hand) x - a blessed ring of conflict L - a blessed ring of levitation Wands g - a wand of digging (0:0) p - a wand of death (0:5) D - a wand of death (1:4) P - a wand of teleportation (0:5) Q - a wand of teleportation (0:5) Z - a wand of digging (0:7) Tools e - a blessed rustproof +7 pick-axe f - a blessed bag of holding i - an uncursed leather drum k - a blessed skeleton key named f53vs56 l - a blessed magic lamp s - a blessed stethoscope t - a blessed towel u - a blessed +0 unicorn horn I - the uncursed Candelabrum of Invocation (7 candles, lit) (0:158) O - the blessed Bell of Opening (0:2) Gems z - the blessed Heart of Ahriman Contents of the bag of holding: an uncursed amulet of life saving an uncursed amulet of life saving an uncursed amulet of life saving 4 uncursed K-rations 8 uncursed scrolls of blank paper 3 blessed scrolls of charging 2 blessed scrolls of identify 4 blessed scrolls of remove curse 5 blessed scrolls of taming a blessed scroll of wishing an uncursed scroll of wishing an uncursed potion of full healing 16 potions of holy water 5 potions of unholy water a wand of death (0:2) a wand of digging (0:7) a wand of digging (0:6) a wand of digging (0:6) a wand of digging (0:6) a wand of fire (0:7) a wand of fire (0:7) a blessed wand of fire (0:1) a wand of teleportation (0:4) a wand of teleportation (0:4) a can of grease (0:4) a magic marker (0:31) a blessed tinning kit (0:83) a blessed +0 unicorn horn a blessed +0 unicorn horn a blessed +0 unicorn horn Spells and supernatural/magical abilities: Name Level Category Fail Memory x - extra healing 3* healing 100% 0% V - teleportitis -- ability ? -- W - pray for help -- divine ? -- Your skills at the end: Miscellaneous Skills bare handed combat [Basic] Weapon Skills axe [Master] two-handed sword [Basic] Spellcasting Skills Final Attributes: You were the Glory of Arioch. You were fervently aligned. You were fire resistant. You were cold resistant. You were sleep resistant. You were disintegration-resistant. You were shock resistant. You were poison resistant. You were magic-protected. You saw invisible. You were telepathic. You had infravision. You were invisible to others. You were stealthy. You could teleport. You were protected. You were very fast. You had reflection. You had free action. You were extremely lucky. You had extra luck. Good luck did not time out for you. You survived. Vanquished creatures: Orcus Yeenoghu Juiblex The Wizard of Yendor (6 times) Famine a high priest a mammoth Vlad the Impaler Medusa Croesus 5 krakens 3 iron golems a storm giant a titan 3 glass golems Thoth Amon 4 purple worms a gray dragon a silver dragon 14 red dragons 4 white dragons 3 orange dragons 2 black dragons a blue dragon 2 yellow dragons 11 minotaurs a baluchitherium 5 Angels 2 demiliches 6 stone golems 2 master mind flayers 10 pit fiends a sandestin 3 hell hounds 2 titanotheres a trapper 36 baby red dragons a baby orange dragon 15 vampire lords 5 shades 5 skeletons The Oracle 7 aligned priests 7 captains 4 liches 2 clay golems 3 nurses 14 ice devils 6 nalfeshnees a lurker above 2 Aleaxes a frost giant a golden naga 17 black puddings 20 vampires 29 ghosts 5 ettins 8 lieutenants a ranger a wizard 5 winged gargoyles a mind flayer 9 giant mimics 3 ogre kings 4 ice trolls 35 rock trolls 10 umber hulks 2 flesh golems 7 Elvenkings 17 doppelgangers 6 hezrous 9 bone devils a salamander 5 large mimics 2 wumpuses 3 long worms a couatl 5 stalkers 6 air elementals 3 fire elementals 2 water elementals 3 hill giants 4 giant mummies a black naga 4 xorns 13 giant zombies 8 elf-lords 16 sergeants a barbed devil 15 vrocks 17 wargs 6 winter wolves 2 hell hound pups 11 small mimics 4 island nymphs 5 warhorses 3 steam vortices 8 xans 4 ettin mummies 5 ogre lords 7 quantum mechanics 37 trolls 3 sasquatches 2 wood golems 4 mariliths 5 sharks 6 electric eels 3 pyrolisks a large dog 4 freezing spheres 5 flaming spheres 2 shocking spheres 3 large cats 6 tigers 9 gargoyles 5 dwarf kings 6 tengu 8 gelatinous cubes 6 ochre jellies 8 chameleons 3 crocodiles a leocrotta 4 energy vortices 6 giants 6 elf mummies 3 human mummies 5 pit vipers a python 5 cobras 37 wraiths 20 ettin zombies a leather golem 17 Grey-elves 120 soldiers a horned devil 10 succubi 8 incubi 16 giant beetles 10 cockatrices 17 wolves 5 winter wolf cubs 4 lynxes 2 panthers 18 gremlins 7 leprechauns 5 quivering blobs 4 spotted jellies 9 lizards 9 mountain nymphs an orc-captain 4 mumakil 10 giant spiders 5 scorpions 3 iron piercers 8 horses 2 ice vortices 4 black lights 8 vampire bats 2 forest centaurs 6 gnome kings 4 orc mummies 5 dwarf mummies 71 ogres 4 brown puddings 10 rust monsters 8 owlbears 4 yetis a gold golem 3 werewolves 8 Green-elves 5 piranhas 13 giant eels 2 chieftains 5 chickatrices 3 dogs 3 dingos 5 housecats 7 jaguars 5 dwarf lords 7 blue jellies a water nymph 7 white unicorns a gray unicorn 7 dust vortices 2 ravens 5 plains centaurs 5 gnome mummies 6 snakes 23 apes 13 human zombies 19 Woodland-elves 4 soldier ants 6 fire ants 9 bugbears an imp a quasit 5 wood nymphs 4 Mordor orcs 10 Uruk-hai 2 orc shamans 2 rock moles 8 rock piercers 10 ponies 6 fog clouds 13 yellow lights 5 shriekers 4 violet fungi 17 gnome lords 10 gnomish wizards 2 kobold mummies a black naga hatchling a guardian naga hatchling 5 gray oozes 4 barrow wights 10 elf zombies 12 ghouls 2 straw golems 2 paper golems 2 jellyfish 35 giant ants 7 little dogs 19 floating eyes 6 kittens 24 dwarves 3 homunculi 4 kobold lords 7 kobold shamans 23 iguanas 5 hill orcs 21 rothes 3 rabid rats 3 centipedes 7 giant bats 3 monkeys 10 orc zombies 18 dwarf zombies 4 wererats 6 werejackals 28 killer bees 6 coyotes 4 gas spores 15 hobbits 17 acid blobs 2 large kobolds 20 geckos 14 hobgoblins 16 giant rats 20 cave spiders 3 brown molds 8 yellow molds 3 green molds 9 red molds 57 gnomes 17 garter snakes 13 manes 20 gnome zombies 24 jackals 6 foxes 12 kobolds 20 newts 6 goblins 11 sewer rats 14 grid bugs 3 bats 12 lichens 16 kobold zombies 2124 creatures vanquished. Genocided or extinct species: liches demiliches master liches arch-liches soldiers (extinct) 4 species genocided. 1 species extinct. Voluntary challenges: You used a wielded weapon 3256 times, starting on turn 3. You read items or engraved 135 times, starting on turn 2949. You genocided 4 types of monsters, starting on turn 50243. You polymorphed 745 items, starting on turn 43188. You changed form 1 time, starting on turn 43074. You cheated 1 time but completed Sokoban on turn 13064. You used 5 wishes, starting on turn 9460. You wished for your your first artifact on turn 50241. You split 11 puddings, starting on turn 13371. You wrote Elbereth's name 23 times, starting on turn 2949. You violated your moral code, losing 4 points of alignment, starting on turn 50366. Dungeon overview: The Dungeons of Doom: levels 1 to 28 Level 1 an altar to Set stairs to The Elemental Planes Level 2 a general store stairs to The Gnomish Mines Level 3 Level 4 a general store, an altar to Set Level 5 Level 6 Level 7 stairs to Sokoban Level 8 Level 9 a fountain Level 10 many fountains, a sink Level 11 an altar to Crom, a fountain Level 12 an altar to Mitra, a fountain portal to The Quest Level 13 Level 14 some fountains Level 15 a temple to Mitra portal to Fort Ludios Level 16 a sink Level 17 a temple to Set, a fountain Level 18 Level 19 Level 20 Level 21 a fountain Level 22 an altar to Set, some fountains, a sink Level 23 Level 24 Level 25 Level 26 Level 27 a fountain Level 28 a magic chest, a fountain Gehennom: levels 29 to 57 Level 29 a temple to Moloch, a magic chest stairs to The Dungeons of Doom Level 30 Level 31 Level 32 Level 33 a magic chest Level 34 Level 35 Level 36 Level 37 some fountains Level 38 stairs to Vlad's Tower Level 39 Level 40 a magic chest Level 41 Level 42 Level 43 some shops, an altar to Moloch, a magic chest Level 44 Level 45 a magic chest Level 46 Level 47 portal to Gehennom Level 48 Level 49 Level 50 Level 51 Level 52 Level 53 portal to Gehennom Level 54 Level 55 Level 56 Level 57 The Gnomish Mines: levels 3 to 10 Level 3 stairs to The Dungeons of Doom Level 4 Level 5 Level 6 many shops, a temple to Crom, a magic chest, some fountains Level 7 Level 8 Level 9 Level 10 a magic chest The Quest: levels 1 to 6 Level 1 portal to The Dungeons of Doom Level 2 Level 3 Level 4 Level 5 Level 6 an altar to Mitra Sokoban: levels 3 to 6 Level 3 a magic chest Level 4 Level 5 Level 6 a magic chest stairs to The Dungeons of Doom Fort Ludios: Level 1 a magic chest portal to The Dungeons of Doom Vlad's Tower: levels 35 to 37 Level 35 Level 36 an altar to Moloch Level 37 stairs to Gehennom The Elemental Planes: Astral Plane <- You were here a high altar Plane 4 portal to The Elemental Planes Plane 3 portal to The Elemental Planes Plane 2 portal to The Elemental Planes Plane 1 portal to The Elemental Planes History has recorded: On T:1 you entered the Dungeons of Doom to retrieve the Amulet of Yendor! On T:291 you reached level 2 of The Dungeons of Doom. On T:402 you reached level 3 of The Dungeons of Doom. On T:514 you advanced to experience level 2. On T:536 you reached level 1 of The Gnomish Mines. On T:587 you advanced to experience level 3. On T:2071 you advanced to experience level 4. On T:4009 you advanced to experience level 5. On T:6064 you advanced to experience level 6. On T:7143 you received Cleaver from Set. On T:7385 you reached level 2 of The Gnomish Mines. On T:7588 you reached level 3 of The Gnomish Mines. On T:7925 you reached level 4 of The Gnomish Mines. On T:7953 you reached level 5 of The Gnomish Mines. On T:7969 you advanced to experience level 7. On T:8031 you entered the Minetown temple On T:8532 you opened a magic chest. On T:8536 you opened a magic chest. On T:8540 you opened a magic chest. On T:9460 you wished for "holy greased +3 gray dragon scale mail". On T:9689 you opened a magic chest. On T:9733 you opened a magic chest. On T:9738 you opened a magic chest. On T:9752 you opened a magic chest. On T:9754 you opened a magic chest. On T:10001 you reached level 4 of The Dungeons of Doom. On T:10333 you reached level 5 of The Dungeons of Doom. On T:10574 you reached level 6 of The Dungeons of Doom. On T:10676 you reached level 7 of The Dungeons of Doom. On T:10830 you reached level 4 of Sokoban. On T:10964 you opened a magic chest. On T:11161 you reached level 3 of Sokoban. On T:11683 you advanced to experience level 8. On T:11702 you reached level 2 of Sokoban. On T:12090 you reached level 1 of Sokoban. On T:12921 you opened a magic chest. On T:13064 you entered the Sokoban zoo. On T:13140 you opened a magic chest. On T:13140 you opened a magic chest. On T:14469 you advanced to experience level 9. On T:14693 you wished for "holy fixed amulet of reflection". On T:14819 you opened a magic chest. On T:14829 you opened a magic chest. On T:14829 you opened a magic chest. On T:15370 you opened a magic chest. On T:15680 you reached level 6 of The Gnomish Mines. On T:15711 you reached level 7 of The Gnomish Mines. On T:15921 you reached level 8 of The Gnomish Mines. On T:15921 you reached the bottom of the Mines. On T:16779 you opened a magic chest. On T:18764 you advanced to experience level 10. On T:20664 you opened a magic chest. On T:23944 you were chosen to steal souls for your god's glory! On T:24112 you reached level 8 of The Dungeons of Doom. On T:24613 you reached level 9 of The Dungeons of Doom. On T:24824 you reached level 10 of The Dungeons of Doom. On T:25188 you reached level 11 of The Dungeons of Doom. On T:25460 you reached level 12 of The Dungeons of Doom. On T:25830 you reached level 13 of The Dungeons of Doom. On T:26196 you reached level 14 of The Dungeons of Doom. On T:26456 you reached level 15 of The Dungeons of Doom. On T:26520 you advanced to experience level 11. On T:26724 you reached level 16 of The Dungeons of Doom. On T:27077 you reached level 17 of The Dungeons of Doom. On T:27594 you reached level 18 of The Dungeons of Doom. On T:28042 you reached level 19 of The Dungeons of Doom. On T:28482 you reached level 20 of The Dungeons of Doom. On T:28912 you reached level 21 of The Dungeons of Doom. On T:29290 you reached level 22 of The Dungeons of Doom. On T:29680 you advanced to experience level 12. On T:30404 you reached level 23 of The Dungeons of Doom. On T:33540 you advanced to experience level 13. On T:33813 you killed Medusa on level 23 of The Dungeons of Doom. On T:33828 you reached level 24 of The Dungeons of Doom. On T:34308 you reached level 25 of The Dungeons of Doom. On T:34941 you reached level 26 of The Dungeons of Doom. On T:35294 you reached level 27 of The Dungeons of Doom. On T:35317 you reached The Castle. On T:35740 you opened a magic chest. On T:36164 you reached The Valley of the Dead. On T:36859 you opened a magic chest. On T:36918 you reached level 2 of Gehennom. On T:39305 you reached level 1 of The Quest. On T:39574 you advanced to experience level 14. On T:39584 you embarked upon an epic quest. On T:39601 you reached level 2 of The Quest. On T:39902 you reached level 3 of The Quest. On T:39949 you advanced to experience level 15. On T:40259 you reached level 4 of The Quest. On T:40370 you reached level 5 of The Quest. On T:40550 you reached level 6 of The Quest. On T:40742 you killed Thoth Amon on level 4 of The Quest. On T:41250 you completed the quest! On T:41459 you reached Fort Ludios. On T:41972 you killed Croesus in Fort Ludios. On T:42026 you opened a magic chest. On T:50226 you wished for "very magic marker". On T:50241 you wished for "holy fixed master key of thievery". On T:50658 you reached level 3 of Gehennom. On T:50786 you reached level 4 of Gehennom. On T:50977 you reached level 5 of Gehennom. On T:51135 you reached level 6 of Gehennom. On T:51269 you reached level 7 of Gehennom. On T:51291 you reached level 8 of Gehennom. On T:51572 you reached level 9 of Gehennom. On T:51629 you reached level 10 of Gehennom. On T:51645 you reached level 3 of Vlad's Tower. On T:51755 you reached level 2 of Vlad's Tower. On T:51835 you reached level 1 of Vlad's Tower. On T:51849 you killed Vlad the Impaler on level 1 of Vlad's Tower. On T:51928 you advanced to experience level 16. On T:51951 you reached level 11 of Gehennom. On T:52273 you reached level 12 of Gehennom. On T:52290 you reached level 13 of Gehennom. On T:52503 you killed Yeenoghu on level 11 of Gehennom. On T:52583 you reached level 14 of Gehennom. On T:52831 you reached level 15 of Gehennom. On T:53215 you reached level 16 of Gehennom. On T:53396 you reached level 17 of Gehennom. On T:53416 you reached level 18 of Gehennom. On T:53435 you reached level 19 of Gehennom. On T:53484 you reached level 20 of Gehennom. On T:53660 you reached level 21 of Gehennom. On T:53671 you reached level 22 of Gehennom. On T:53717 you reached level 23 of Gehennom. On T:53731 you reached level 24 of Gehennom. On T:53750 you reached level 25 of Gehennom. On T:53940 you reached level 26 of Gehennom. On T:54027 you reached level 27 of Gehennom. On T:54042 you reached level 28 of Gehennom. On T:54043 you wished for "very magic marker". On T:54270 you killed Wizard of Yendor on level 17 of Gehennom. On T:54285 you performed the invocation. On T:54293 you killed Wizard of Yendor on level 28 of Gehennom. On T:54296 you reached level 29 of Gehennom. On T:54406 you killed Wizard of Yendor on level 29 of Gehennom. On T:54495 you killed Wizard of Yendor on level 28 of Gehennom. On T:54496 you gained the Amulet of Yendor! On T:54884 you killed Orcus on level 15 of Gehennom. On T:55112 you advanced to experience level 17. On T:55123 you killed Juiblex on level 8 of Gehennom. On T:55461 you reached the Plane of Earth. On T:55467 you killed Wizard of Yendor on the Plane of Earth. On T:55518 you reached the Plane of Air. On T:55576 you reached the Plane of Fire. On T:55591 you reached the Plane of Water. On T:55651 you killed Wizard of Yendor on the Plane of Water. On T:55653 you reached the Astral Plane. On T:55681 you killed Famine on the Astral Plane. On T:55712 you lost the Amulet of Yendor. On T:55712 you offered the Amulet of Yendor to Mitra and ascended to the status of Demigoddess! Score breakdown: Gold: 0 ( 0 points) Experience: 17 levels ( 1600 points) Exploration: 57 levels ( 2000 points) Discoveries: 159 items ( 2000 points) Variety of kills: 266 monsters ( 2000 points) Major goal: ascended ( 5000 points) Ascension bonuses Valuables value: 750 ( 75 points) Artifact value: 3 ( 3000 points) Speed bonus: 55712 turns ( 2214 points) Conduct bonus: 0 conducts ( 0 points) Survival: ascended (score multiplied by 10) Total score: 178890 Latest messages: Maud the Lama bumps right into you! You stop changing your equipment. You continue equipping your helm of opposite alignment. You are now wearing a helm of opposite alignment. Your mind oscillates briefly. Maud the Lama turns to flee! Maud the Lama drinks a potion of invisibility! Maud the Lama's body takes on a strange transparency. The Angel of Crom wields a long sword! (2x) The Angel of Crom punches you! The air crackles around the Angel of Crom. There is an altar to Mitra (lawful) here. You offer the Amulet of Yendor to Mitra... Your conscience bothers you a little less. An invisible choir sings, and you are bathed in radiance... The voice of Mitra booms: "Congratulations, mortal!" "In return for thy service, I grant thee the gift of Immortality!" You ascend to the status of Demigoddess... Final status: Goodbye Yasdorian the Demigoddess, ascended... You went to your reward with 178890 points, Cleaver (worth 1500 zorkmids) The Heart of Ahriman (worth 2500 zorkmids) Magicbane (worth 3500 zorkmids) 4 amulets of life saving (worth 600 zorkmids), 1 amulet of reflection (worth 150 zorkmids), and 0 pieces of gold, after 55712 moves. You were level 17 with a maximum of 319 hit points when you ascended.